 Dungeon Crawl Stone Soup version 0.20.0-15-g7f486f2 (webtiles) character file.

554 StormFighter the Chopper (level 7, 0/52 HPs)
             Began as a Formicid Fighter on June 21, 2017.
             Slain by an iguana (6 damage)
             ... on level 4 of the Dungeon.
             The game lasted 00:05:31 (3626 turns).

StormFighter the Chopper (Formicid Fighter)         Turns: 3626, Time: 00:05:32

Health: 0/52       AC:  6    Str: 23    XL:     7   Next: 55%
Magic:  7/7        EV:  8    Int:  7    God:
Gold:   182        SH:  9    Dex: 12    Spells: 6/6 levels left

rFire    . . .     SeeInvis +   a - +0 war axe
rCold    . . .     Gourm    .   c - +0 shield
rNeg     . . .     Faith    .   b - +0 scale mail
rPois    .         Spirit   .   (helmet unavailable)
rElec    .         Reflect  .   (no cloak)
rCorr    .         Harm     .   (no gloves)
MR       .....                  (no boots)
Stlth    +.........             (no amulet)
Regen    0.2/turn               p - ring of stealth
MPRegen  0.1/turn               k - +2 ring of dexterity

@: lethally poisoned (0 -> -2)
A: permanent stasis, dig shafts and tunnels, four strong arms, antennae 3
a: Dig, Shaft Self


You were on level 4 of the Dungeon.
You were not hungry.

You visited 1 branch of the dungeon, and saw 4 of its levels.

You collected 182 gold pieces.

Inventory:

Hand Weapons
 a - a +0 war axe (weapon)
 z - a +1 flail of draining
Armour
 b - a +0 scale mail (worn)
 c - a +0 shield (worn)
Magical Staves
 y - an uncursed staff of energy
Jewellery
 k - a +2 ring of dexterity (right hand)
 p - a ring of stealth (left hand)
 C - an uncursed ring of fire {unknown}
Scrolls
 i - a scroll of noise {unknown}
 l - 6 scrolls of identify {unknown}
 m - 2 scrolls of remove curse {unknown}
 o - a scroll of teleportation {unknown}
 r - 3 scrolls of amnesia {unknown}
 t - a scroll of enchant weapon {unknown}
 u - a scroll of enchant armour {unknown}
 v - a scroll of random uselessness {unknown}
 x - 2 scrolls of fear {unknown}
 A - a scroll of fog {unknown}
Potions
 d - a potion of might
 e - a potion of heal wounds {unknown}
 h - 6 potions of curing {unknown}
 j - 3 potions of degeneration {unknown}
 n - a potion of ambrosia {unknown}
 s - a potion of lignification {unknown}
 w - 2 potions of magic {unknown}
 B - a potion of mutation {unknown}
Comestibles
 f - 5 bread rations
 g - 3 meat rations


   Skills:
 - Level 3.2 Fighting
 + Level 7.8 Axes
 - Level 3.2 Armour
 - Level 3.6 Shields


You had 6 spell levels left.
You didn't know any spells.

Dungeon Overview and Level Annotations

Branches:
Dungeon (4/15)
 Temple: D:4-7

Altars:
Qazlal

Shops:
D:4 :


Innate Abilities, Weirdness & Mutations

You cannot be hasted, slowed, berserked, paralysed or teleported.
You can dig through walls and to a lower floor.
Your four strong arms can wield two-handed weapons with a shield.
You have a pair of large antennae on your head. (SInv)


Message History

You barely miss the orc wizard.
The orc wizard is heavily wounded.
The orc wizard hits you but does no damage.
You hit the orc wizard.
The orc wizard is severely wounded.
You feel sick. The orc wizard barely misses you.
The orc priest invokes the aid of Beogh against you.
Beogh smites you!
You are too injured to fight recklessly!
You are too injured to fight recklessly!
You are too injured to fight recklessly!
You slash the orc wizard!
You kill the orc wizard!
You closely miss the iguana.
You feel sick. The iguana bites you.
You closely miss the iguana.
The orc priest invokes the aid of Beogh against you.
Beogh smites you!
* * * LOW HITPOINT WARNING * * *
The iguana bites you.
You die...

# #####
#.####.#.####.###.#
#...###...#...........#.#
#.#.....#.#..#.####.#.#.#
#...###...#....#
#.#.#.##### #...#
#........# #.#.......#
#...# #####...##
#.....###.# #...# ##.##
###..## #.# ##.## #.#
#..####.# #.# #@#
#.....#.# #.# #l#
##.##.#.# #.#


woo #.##.#.# #.# ..... #.##.#(# ##.## ....... ##......#
#####...####.........####...#.### ...........+.........'........#
#####....###.........####...#.# ##.#.# ##.##.# You could see a worm, an iguana,
an orc priest and an orc.

Vanquished Creatures
  2 ogres (D:4)
  A bullfrog (D:4)
  A howler monkey (D:4)
  A gnoll shaman (D:4)
  A centaur skeleton (D:4)
  An orc wizard (D:4)
  2 worker ants (D:4)
  3 adders
  4 gnolls (D:4)
  An ooze (D:2)
  5 worms
  2 dart slugs (D:1)
  2 leopard geckos
  2 orcs
  9 bats
  5 giant cockroaches
  8 goblins
  4 hobgoblins
  A quokka (D:4)
  A ball python (D:2)
  4 frilled lizards
  5 kobolds
  6 rats
71 creatures vanquished.

Notes
Turn   | Place    | Note
-------+----------+-------------------------------------------
     0 | D:1      | StormFighter the Formicid Fighter began the quest for the Orb.
     0 | D:1      | Reached XP level 1. HP: 18/18 MP: 1/1
    73 | D:1      | Reached XP level 2. HP: 24/24 MP: 2/2
   160 | D:1      | Reached skill level 3 in Axes
   623 | D:1      | Reached XP level 3. HP: 19/29 MP: 3/3
   839 | D:2      | Found a stormy altar of Qazlal.
   872 | D:2      | Reached skill level 4 in Axes
   872 | D:2      | Reached XP level 4. HP: 13/35 MP: 4/4
  1892 | D:3      | Found a faded altar of an unknown god.
  2244 | D:4      | Found Juapan's Book Boutique.
  2423 | D:4      | Noticed an ogre
  2656 | D:4      | Reached skill level 5 in Axes
  2656 | D:4      | Reached XP level 5. HP: 26/41 MP: 5/5
  2835 | D:4      | Reached XP level 6. HP: 33/47 MP: 6/6
  2978 | D:4      | Killed an ogre
  2978 | D:4      | Reached skill level 6 in Axes
  3022 | D:4      | Noticed an ogre
  3091 | D:4      | Killed an ogre
  3091 | D:4      | Reached XP level 7. HP: 30/52 MP: 7/7
  3254 | D:4      | Reached skill level 7 in Axes
  3626 | D:4      | Slain by an iguana

Skill      XL: |  1  2  3  4  5  6  7 |
---------------+----------------------+-----
Axes           | 3 4 5 6 7 |  7.8
Fighting       | |  3.2
Armour         | |  3.2
Shields        | |  3.6

Action                   |  1- 3 |  4- 6 |  7- 9 || total
-------------------------+-------+-------+-------++-------
Melee: War axe           |    81 |   135 |    59 ||   275
 Abil: Dig               |     3 |       |       ||     3
  Use: Potion            |       |     1 |       ||     1
  Eat: Chunk             |       |     4 |     2 ||     6
       Fruit             |       |     2 |       ||     2
       Royal jelly       |       |     1 |       ||     1
Armor: Scale mail        |    41 |    51 |    21 ||   113
Dodge: Dodged            |    26 |    32 |    27 ||    85
Block: Shield            |    45 |    70 |    19 ||   134
